 Dungeon Crawl Stone Soup version 0.24.0-13-gcf9b319 (webtiles) character file.

Game seed: 16325501611786521450, levelgen mode: deterministic

80 Fortress the Chucker (level 4, 0/45 HPs)
             Began as an Ogre Hunter on Jan 5, 2020.
             Slain by a hobgoblin
             ... wielding a +0 club
             ... led by Robin
              (5 damage)
             ... on level 2 of the Dungeon.
             The game lasted 00:04:49 (1134 turns).

Fortress the Chucker (Ogre Hunter)                  Turns: 1134, Time: 00:04:50

Health: 0/45       AC:  3    Str: 17    XL:     4   Next: 39%
Magic:  4/4        EV: 10    Int: 12    God:
Gold:   63         SH:  0    Dex:  9    Spells: 3/3 levels left

rFire    . . .     SeeInvis .   i - +2 dagger (venom)
rCold    . . .     Gourm    .   (no shield)
rNeg     . . .     Faith    .   b - +0 robe
rPois    .         Spirit   .   (helmet restricted)
rElec    .         Reflect  .   (no cloak)
rCorr    .         Harm     .   (gloves unavailable)
MR       .....                  (boots unavailable)
Stlth    +.........             (no amulet)
HPRegen  0.15/turn              (no ring)
MPRegen  0.09/turn              (no ring)

@: no status effects
A: large, unfitting armour, tough skin 1
a: no special abilities


You were on level 2 of the Dungeon.
You were hungry.

You visited 1 branch of the dungeon, and saw 2 of its levels.

You collected 63 gold pieces.

Inventory:

Hand Weapons
 i - a +2 dagger of venom (weapon)
Missiles
 c - 3 large rocks (quivered)
 d - 2 throwing nets
Armour
 b - a +0 robe (worn)
Scrolls
 e - 5 scrolls of identify {unknown}
 h - a scroll of enchant armour {unknown}
Potions
 g - a potion of curing {unknown}
Comestibles
 f - 2 rations


   Skills:
 + Level 3.1 Fighting
 + Level 1.1 Short Blades
 + Level 4.9 Throwing
 + Level 2.3 Dodging
 - Level 1.0 Stealth


You had 3 spell levels left.
You didn't know any spells.
Your spell library was empty.

Dungeon Overview and Level Annotations

Branches:
Dungeon (2/15)

Altars:


Innate Abilities, Weirdness & Mutations

You are too large for most types of armour.
You have tough skin. (AC +1)


Message History

The hobgoblin closely misses you.
You closely miss the hobgoblin. The goblin hits you but does no damage.
The hobgoblin hits you with a +0 club.
* * * LOW HITPOINT WARNING * * *
The rat bites you.
* * * LOW HITPOINT WARNING * * *
You hit the hobgoblin.
The hobgoblin is poisoned.
The hobgoblin is heavily wounded.
The goblin hits you with a +0 club.
* * * LOW HITPOINT WARNING * * *
The hobgoblin hits you but does no damage.
You closely miss the hobgoblin.
The hobgoblin is heavily wounded.
The goblin no longer looks unusually strong.
The rat bites you.
* * * LOW HITPOINT WARNING * * *
The goblin hits you with a +0 club.
* * * LOW HITPOINT WARNING * * *
The hobgoblin hits you with a +0 club.
You die...

#........
#######.#.#####
#.........#
##.####..#.# ..
##<.# ..#..#
.... ####..##
.###.##
#..##....## #.
.# #..[.)#### .
.# ##...gg@g#
#. .#
##..w##rgS..#
.....#..
##>((.#
#######. .#.#
## # .


You could see an adder, a dart slug, a hobgoblin, 3 goblins and a rat.

Vanquished Creatures
  Robin (D:2)
  A gnoll (D:1)
  2 adders
  A dart slug (D:1)
  2 leopard geckos (D:1)
  7 bats (D:1)
  2 giant cockroaches
  9 goblins
  4 hobgoblins (D:1)
  A ball python (D:1)
  4 frilled lizards (D:1)
  3 kobolds
  2 rats (D:1)
39 creatures vanquished.

Notes
Turn   | Place    | Note
-------+----------+-------------------------------------------
     0 | D:1      | Fortress the Ogre Hunter began the quest for the Orb.
     0 | D:1      | Reached XP level 1. HP: 22/22 MP: 1/1
   149 | D:1      | Reached XP level 2. HP: 29/29 MP: 2/2
   332 | D:1      | Reached skill level 1 in Stealth
   371 | D:1      | Reached XP level 3. HP: 34/36 MP: 3/3
  1036 | D:2      | Reached XP level 4. HP: 45/45 MP: 4/4
  1115 | D:2      | Noticed Robin
  1118 | D:2      | Reached skill level 1 in Short Blades
  1131 | D:2      | Killed Robin
  1134 | D:2      | Slain by a hobgoblin

Levels and vault maps discovered:
D:1:      erik_arrival_triangle_medium, layout_basic
D:2:      layout_rooms, first_ration, grunt_gozag_statues, uniq_robin

Skill      XL: |  1  2  3  4 |
---------------+-------------+-----
Stealth        | 1 |  1.0
Dodging        | 2 |  2.3
Fighting       | 3 |  3.1
Short Blades   | 1 |  1.1
Throwing       | |  4.9

Action                   |  1- 3 |  4- 6 || total
-------------------------+-------+-------++-------
Melee: Short sword       |    82 |       ||    82
       Dagger            |       |    15 ||    15
Throw: Large rock        |    14 |     8 ||    22
 Stab: Sleeping          |     1 |       ||     1
Armor: Robe              |    38 |     5 ||    43
Dodge: Dodged            |    44 |    10 ||    54
